 Seeded DCSS version 0.28-a0-1339-ga5422284a4 (webtiles) character file.

Game seed: 12130800008223909736 (custom seed)

94 croobank the Digger (level 4, 0/33 HPs)
             Began as a Demigod Earth Elementalist on Dec 28, 2021.
             Slain by a quasit (1 damage)
             ... summoned by Eustachio
             ... on level 4 of the Dungeon.
             The game lasted 00:14:25 (3328 turns).

croobank the Digger (Demigod Earth Elementalist)    Turns: 3328, Time: 00:14:26

Health: 0/33       AC:  7    Str: 13      XL:     4   Next: 16%
Magic:  2/10       EV:  9    Int: 17      God:
Gold:   99         SH:  0    Dex: 14 (18) Spells: 4/7 levels left

rFire   + . .      SeeInvis .   a - +0 trident
rCold   + + .      Faith    .   (no shield)
rNeg    . . .      Spirit   .   f - +0 scale mail
rPois   .          Reflect  .   (no helmet)
rElec   .          Harm     .   (no cloak)
rCorr   .          Rampage  .   q - +0 pair of gloves of the Constellations {rF+ rC++ Dex+4}
Will    .....                   (no boots)
Stlth   +.........              (no amulet)
HPRegen 0.11/turn               h - ring of wizardry
MPRegen 0.12/turn               (no ring)

@: mighty
A: high mp 1, forlorn, divine attributes
a: no special abilities


You were on level 4 of the Dungeon.
You visited 1 branch of the dungeon, and saw 4 of its levels.

You collected 122 gold pieces.
You spent 23 gold pieces at shops.

Inventory:

Hand Weapons
 a - a +0 trident (weapon)
 b - a +0 hunting sling
 d - a +0 short sword
Missiles
 c - 15 stones
 g - 18 bolts
 i - 36 poisoned darts (quivered)
 k - 23 arrows
Armour
 f - a +0 scale mail (worn)
 n - a +1 kite shield of resistance
 p - a +0 robe
 q - the +0 pair of gloves of the Constellations (worn) {rF+ rC++ Dex+4}
   (You found it on level 4 of the Dungeon)

   Dex:       It affects your dexterity (+4).
   rF:        It protects you from fire.
   rC:        It greatly protects you from cold.
Jewellery
 h - a ring of wizardry (left hand)
Scrolls
 e - 3 scrolls of enchant armour {enchant armour, unknown}
 o - a scroll of identify {identify, unknown}
Potions
 m - 2 potions of curing {curing, unknown}


   Skills:
 + Level 2.3 Dodging
 + Level 2.5 Stealth
 + Level 2.3 Spellcasting
 + Level 1.8 Transmutations
 + Level 3.2 Earth Magic


You had 4 spell levels left.
You knew the following spells:

 Your Spells              Type           Power      Damage    Failure   Level
a - Sandblast             Erth           24%        2d8       11%         1
b - Passwall              Tmut/Erth      8%         N/A       21%         2

Your spell library contained the following spells:

 Spells                   Type           Power      Damage    Failure   Level
 Stone Arrow              Conj/Erth      14%        3d7       47%         3
 Petrify                  Tmut/Erth      10%        N/A       75%         4


Dungeon Overview and Level Annotations

Branches:
Dungeon (4/15)             Temple (0/1) D:4

Shops:
D:1 *   D:2 =

Annotations:
D:3 Ijyb
D:4 Eustachio


Innate Abilities, Weirdness & Mutations

You have an increased reservoir of magic. (+10% MP)
You shall have no god before yourself.
Your divine heritage dramatically boosts your attributes as you level up.


Message History

Press: ? - help, Shift-Dir - straight line, f/p - Eustachio
Aim: Eustachio, wielding a +0 rapier and wearing a +0 leather armour (severely wounded, 71% to hit)
The blast of sand misses Eustachio.
c - 17 stones The quasit closely misses you.
The quasit claws you but does no damage. x2
Eustachio closely misses you. The quasit bites you.
* * * LOW HITPOINT WARNING * * *
The quasit claws you but does no damage.
The quasit closely misses you. The quasit barely misses you. x3
The rat bites you but does no damage.
Casting: Sandblast (safe; 11% risk of failure)
Confirm with . or Enter, or press ? or * to list all spells.
Aiming: Sandblast (safe; 11% risk of failure)
Press: ? - help, Shift-Dir - straight line, f/p - Eustachio
Aim: Eustachio, wielding a +0 rapier and wearing a +0 leather armour (severely wounded, 71% to hit)
The blast of sand hits Eustachio.
Eustachio is severely wounded.
c - 16 stones The quasit bites you.
* * * LOW HITPOINT WARNING * * *
The quasit claws you but does no damage. x2
Eustachio hits you with a +0 rapier.
* * * LOW HITPOINT WARNING * * *
The quasit bites you but does no damage.
The quasit barely misses you. The quasit claws you.
* * * LOW HITPOINT WARNING * * *
The rat bites you but does no damage.
Casting: Sandblast (safe; 11% risk of failure)
Confirm with . or Enter, or press ? or * to list all spells.
Aiming: Sandblast (safe; 11% risk of failure)
Press: ? - help, Shift-Dir - straight line, f/p - Eustachio
Aim: Eustachio, wielding a +0 rapier and wearing a +0 leather armour (severely wounded, 71% to hit)
The blast of sand hits Eustachio.
Eustachio is severely wounded.
c - 15 stones The quasit bites you.
* * * LOW HITPOINT WARNING * * *
The quasit claws you.
You die...

##.......##........#
#......>##........#
#...######........#
##..######........#
#....#............#############
##.#.#.###........##..........##
#.#.#.#...#########.#######8.8#
#.#.#.#.##..........#..........
#.#.#.#.#....5@@....#..........
#.#.#.#.##....5r....#.○°.......
#.....#.............#°.........
###>..####..........#..........
..##.# ############..........
##. #.# #..○°...... #. #.#
#.......... #. ..# #..........
## ### #..○.○.....


You could see Eustachio, 2 quasits and a rat (summoned).

Vanquished Creatures
  5 adders
  A dart slug (D:1)
  3 endoplasms
  2 giant cockroaches
  2 goblins
  5 hobgoblins
  4 jackals (D:4)
  4 quokkas
  5 ball pythons
  5 bats (D:1)
  3 frilled lizards (D:1)
  2 kobolds (D:1)
  4 rats
45 creatures vanquished.

Notes
Turn   | Place    | Note
-------+----------+-------------------------------------------
     0 | D:1      | croobank the Demigod Earth Elementalist began the quest for
                  | the Orb.
     0 | D:1      | Reached XP level 1. HP: 14/14 MP: 5/5
   157 | D:1      | Reached skill level 1 in Transmutations
   459 | D:1      | Reached XP level 2. HP: 20/20 MP: 7/7
   464 | D:1      | Learned a level 2 spell: Passwall
   650 | D:1      | Found Wisoshren's General Store.
   656 | D:1      | Bought 21 stones for 23 gold pieces
  1364 | D:2      | Reached skill level 3 in Earth Magic
  1366 | D:2      | Found Tueluf's Jewellery Shoppe.
  1380 | D:2      | Reached XP level 3. HP: 24/26 MP: 8/8
  2427 | D:3      | Noticed Ijyb
  2544 | D:4      | Identified the +0 pair of gloves of the Constellations {rF+
                  | rC++ Dex+4}
  2659 | D:4      | Found a staircase to the Ecumenical Temple.
  2714 | D:4      | Reached XP level 4. HP: 33/33 MP: 7/10
  2797 | D:4      | Noticed Eustachio
  3328 | D:4      | HP: 1/33 [quasit[Eustachio] (1)]
  3328 | D:4      | Slain by a quasit

Illustrated notes

Levels and vault maps discovered:
D:1:      grunt_arrival_crossed_arrows, layout_loops_ring, serial_shops, shop,
          chequers_serial_rivers_micro_b
D:2:      layout_basic, serial_shops, shop,
          shapermc_ecumenical_altar_mp_urbaneastern
D:3:      layout_loops_cross, serial_shops, shop_statue, uniq_ijyb, uniq_sigmund
D:4:      layout_basic, lemuel_temple_firewalk_a, ebering_ghost_reflecting_pool,
          uniq_eustachio, uniq_duvessa

Skill      XL: |  1  2 |
---------------+-------+-----
Transmutations | 1 |  1.8
Stealth        | 2 |  2.5
Dodging        | 2 |  2.3
Spellcasting   | 2 |  2.3
Earth Magic    | 3 |  3.2

Action                   |  1- 3 |  4- 6 || total
-------------------------+-------+-------++-------
Melee: Short sword       |    29 |       ||    29
       Unarmed           |    10 |       ||    10
       Spear             |    37 |       ||    37
       Trident           |    45 |    16 ||    61
Throw: Dart              |    22 |       ||    22
 Cast: Sandblast         |    21 |    15 ||    36
  Use: Potion            |       |     2 ||     2
       Scroll            |       |     1 ||     1
 Stab: Sleeping          |     3 |       ||     3
Armor: Robe              |    25 |       ||    25
       Scale mail        |    33 |    67 ||   100
Dodge: Dodged            |    97 |    59 ||   156

Table legend: (Time is in decaauts)
 A = Elapsed time spent in this place.
 B = Non-inter-level travel time spent in this place.
 C = Inter-level travel time spent in this place.
 D = Time resting spent in this place.
 E = Time spent auto-exploring this place.
 F = Levels seen in this place.
 G = Mean time per level.
                   A        B        C        D        E       F      G
               +--------+--------+--------+--------+--------+-----+--------+
         Total |   3350 |   3325 |     25 |   1217 |   1443 |   4 |  837.5 |
       Dungeon |   3350 |   3325 |     25 |   1217 |   1443 |   4 |  837.5 |
               +--------+--------+--------+--------+--------+-----+--------+

Top non-repeatable levels by time:
     D:1: 1312 daAuts
     D:2: 1064 daAuts
     D:4: 905 daAuts
     D:3: 68 daAuts
